[Event "Team 45 45 League T66"]
[Site "Internet Chess Club"]
[Date "2015.09.04"]
[Round "1"]
[White "gokuxxx"]
[Black "kidcobra"]
[Result "1-0"]
[WhiteElo "1480"]
[BlackElo "1791"]
[Opening "Dunst (Sleipner, Heinrichsen) opening"]
[ECO "A00"]
[Time "19:33:58"]
[TimeControl "2700+45"]

1. Nc3 g6 2. e4 Bg7 3. Nf3 d6 4. Bc4 e6 5. O-O a6 6. d4 b5 7. Bb3 Bb7 8. d5 e5
9. Qe2 Nd7 10. a4 b4 11. Na2 a5 12. Bg5 f6 13. Bd2 Nb6 14. c3 bxc3 15. Nxc3 Ne7
16. Rfc1 O-O 17. Nb5 Ba6 18. Bxa5 Rc8 19. Qe3 h6 20. Nxc7 Na8 21. Qa7 Nxc7 22.
Bxc7 Qd7 23. Qb6 Be2 24. a5 f5 25. Ba4 Nc6 26. Bxc6 Qe7 27. Bb7 fxe4 28. Bxc8
exf3 29. Bxd6 Qg5 30. Bh3 fxg2 31. Bxf8 Bxf8 32. Qe6+ Kg7 33. Rc7+ Kh8 34. Rf7
Bg7 35. Re1 Bf3 36. Rxf3 Kh7 37. Bxg2 h5 38. Rg3 Qf6 39. Qxf6 Bxf6 40. b4 h4 41.
Rg4 Kh6 42. d6 Kh5 43. h3 e4 44. Bxe4 g5 45. d7 Be7 46. Bd5 Bf6 47. b5 Kg6 48.
b6 Kf5 49. b7 Be7 50. b8=Q Bd6 51. Qb5 Bc7 52. Bf3+ Kg6 53. Qxg5+ Kf7 54. Re7+
Kf8 55. Qg7# {Black checkmated} 1-0

[Event "Team 45 45 League T66"]
[Site "Internet Chess Club"]
[Date "2015.09.02"]
[Round "1"]
[White "KidRattler"]
[Black "QuieroAprender"]
[Result "1/2-1/2"]
[WhiteElo "1758"]
[BlackElo "1793"]
[Opening "Queen's Indian defense"]
[ECO "E12"]
[Time "14:32:24"]
[TimeControl "2700+45"]

1. d4 Nf6 2. Nf3 e6 3. c4 b6 4. Bg5 Be7 5. Nc3 h6 6. Bxf6 Bxf6 7. e3 Bb7 8. Be2
d5 9. Rc1 dxc4 10. Qa4+ c6 11. Qxc4 O-O 12. O-O Nd7 13. Ne4 Be7 14. Rfd1 Rc8 15.
Ng3 c5 16. dxc5 Rxc5 17. Qb3 Rxc1 18. Rxc1 Nc5 19. Qd1 Qxd1+ 20. Rxd1 Rd8 21.
Rxd8+ Bxd8 22. b3 a5 23. Nd2 a4 24. Bc4 axb3 25. Nxb3 Bd5 26. Bxd5 exd5 27. Kf1
Nxb3 28. axb3 Bc7 29. Nf5 Kf8 30. h3 h5 31. Ke2 g6 32. Nd4 Ke7 33. Kd3 f5 34.
Nb5 Be5 35. f4 Bf6 36. Nc7 Kd6 37. Ne8+ Ke6 38. Nxf6 Kxf6 39. Kd4 Ke6 40. b4 Kd6
41. b5 Ke6 42. g3 Kd6 43. h4 Ke6 44. Kd3 Kd7 45. Kc3 Ke6 46. Kd3 Kd7 47. Kc3 Kc7
48. Kd3 Kd6 49. Kd4 Ke6 50. Kd3 Ke7 51. Kc3 Kd6 52. Kd4 {Game drawn by
repetition} 1/2-1/2

[Event "Team 45 45 League T66"]
[Site "Internet Chess Club"]
[Date "2015.09.08"]
[Round "1"]
[White "Andressa"]
[Black "BJJ"]
[Result "0-1"]
[WhiteElo "1440"]
[BlackElo "1473"]
[Opening "Scandinavian (center counter) defense"]
[ECO "B01"]
[Time "11:15:34"]
[TimeControl "2700+45"]

1. e4 d5 2. exd5 Qxd5 3. Nc3 Qa5 4. Nf3 Nf6 5. Be2 Bf5 6. O-O e6 7. d3 Be7 8. a3
O-O 9. Bf4 c6 10. h3 Nbd7 11. b4 Qd8 12. Ne5 Nxe5 13. Bxe5 Nd5 14. Nxd5 Qxd5 15.
Bg3 Bf6 16. c4 Qd8 17. Rc1 Bb2 18. Rb1 Qf6 19. Qb3 Bd4 20. b5 c5 21. Bf3 Qg6 22.
Kh2 Bxd3 23. Bxb7 Rad8 24. f3 h5 25. Be4 Bxe4 26. fxe4 Qxe4 27. Rbe1 Qg6 28. Qf3
Qc2 29. Rc1 Qa4 30. Rfe1 Bb2 31. Rcd1 Qxc4 32. Qxh5 Rxd1 33. Rxd1 Bxa3 34. Ra1
Qb3 35. Qe5 Bb2 36. Rb1 Bxe5 37. Rxb3 Bxg3+ 38. Kxg3 Rb8 39. Kf4 c4 40. Rc3 Rxb5
41. Rxc4 a5 42. Rc8+ Kh7 43. Ra8 Rb4+ 44. Ke3 a4 45. Kd3 Kg6 46. Kc3 Rb3+ 47.
Kc2 Rg3 48. Rxa4 Rxg2+ 49. Kd1 f5 50. Ra6 Kf6 51. Ra3 g5 52. Ke1 f4 53. Kf1 Rb2
54. Rf3 e5 55. Ra3 Kf5 {White resigns} 0-1

[Event "Team 45 45 League T66"]
[Site "Internet Chess Club"]
[Date "2015.09.04"]
[Round "1"]
[White "Packerfan"]
[Black "Egmont"]
[Result "1-0"]
[WhiteElo "1770"]
[BlackElo "1716"]
[Opening "French: MacCutcheon, Lasker variation"]
[ECO "C12"]
[Time "11:00:30"]
[TimeControl "2700+45"]

1. e4 e6 2. d4 d5 3. Nc3 Nf6 4. Bg5 Bb4 5. e5 h6 6. Bd2 Bxc3 7. Bxc3 Ne4 8. Nf3
Nd7 9. Be2 O-O 10. O-O Nxc3 11. bxc3 c5 12. Qd2 Qa5 13. Rab1 a6 14. Rb2 Nb6 15.
Rfb1 Na4 16. Rb3 c4 17. Rb4 b5 18. h3 Bd7 19. Nh2 f6 20. exf6 Rxf6 21. Ng4 Rff8
22. Ne5 Be8 23. Bg4 Rf6 24. Re1 Qb6 25. Rbb1 Bg6 26. Nd7 {Black resigns} 1-0

[Event "Team 45 45 League T66"]
[Site "Internet Chess Club"]
[Date "2015.09.05"]
[Round "1"]
[White "AVEMARIA"]
[Black "clarinetref"]
[Result "0-1"]
[WhiteElo "1592"]
[BlackElo "1649"]
[Opening "Sicilian: Scheveningen (Paulsen), classical variation"]
[ECO "B84"]
[Time "21:01:36"]
[TimeControl "2700+45"]

1. e4 c5 2. Nf3 d6 3. d4 cxd4 4. Nxd4 Nf6 5. Nc3 a6 6. Be2 e6 7. O-O Be7 8. Kh1
Nc6 9. f4 Qc7 10. Nb3 O-O 11. Be3 b5 12. Bf3 Bb7 13. Qe2 b4 14. Na4 a5 15. Qf2
Ba6 16. Rfd1 Bb5 17. Nb6 Rab8 18. e5 dxe5 19. Bxc6 Bxc6 20. fxe5 Ne4 21. Qg1 Bg5
22. Bd4 Bf4 23. Nc4 Bd5 24. Bb6 Rxb6 25. Nxb6 Qxc2 26. Nxd5 Nf2+ 27. Qxf2 Qxf2
28. Rf1 Qxb2 29. Nxf4 Qxe5 30. Nd3 Qb5 31. Nf4 a4 32. Nd4 Qc4 33. Nde2 g5 34.
Rfc1 Qe4 {White resigns} 0-1

[Event "Team 45 45 League T66"]
[Site "Internet Chess Club"]
[Date "2015.09.02"]
[Round "1"]
[White "tryanything"]
[Black "Kingofknights"]
[Result "1/2-1/2"]
[WhiteElo "1608"]
[BlackElo "1537"]
[Opening "Caro-Kann: exchange variation"]
[ECO "B13"]
[Time "19:30:26"]
[TimeControl "2700+45"]

1. e4 c6 2. d4 d5 3. exd5 cxd5 4. c3 Nf6 5. Bf4 e6 6. Nf3 Nc6 7. h3 Ne4 8. Nbd2
Nxd2 9. Qxd2 Bd6 10. Bd3 Ne7 11. O-O-O Ng6 12. Bxd6 Qxd6 13. g3 Bd7 14. Rde1
O-O-O 15. Ne5 Nxe5 16. dxe5 Qe7 17. f4 Bc6 18. Rhg1 Kb8 19. Kb1 g6 20. Qe3 Rd7
21. Qd4 Rc8 22. g4 b6 23. g5 Qc5 24. Rc1 Bb5 25. Bxb5 Qxb5 26. Rg3 Rc4 27. Qf2
d4 28. Rd3 dxc3 29. Rdxc3 Rxc3 30. Rxc3 Rd1+ 31. Rc1 Rxc1+ 32. Kxc1 Qc4+ 33. Kb1
Qd3+ 34. Kc1 Qxh3 35. Qd4 Qh1+ 36. Kc2 Qd5 37. Qb4 Kc7 38. Qe7+ Qd7 39. Qa3 Qc6+
40. Qc3 a5 41. Kd3 Qxc3+ 42. bxc3 Kc6 43. Kd4 b5 44. a3 a4 45. c4 Kb6 46. cxb5
Kxb5 47. Kd3 Kc5 48. Kc3 Kd5 49. Kd3 {Game drawn by mutual agreement} 1/2-1/2

[Event "Team 45 45 League T66"]
[Site "Internet Chess Club"]
[Date "2015.09.03"]
[Round "1"]
[White "tightfist"]
[Black "PostMike"]
[Result "0-1"]
[WhiteElo "1506"]
[BlackElo "1497"]
[Opening "Réti opening"]
[ECO "A05"]
[Time "14:30:42"]
[TimeControl "2700+45"]

1. Nf3 Nf6 2. b4 e6 3. a3 c5 4. b5 d5 5. e3 Bd6 6. c4 O-O 7. Bb2 Nbd7 8. Be2 Re8
9. O-O dxc4 10. Bxc4 b6 11. d3 Bb7 12. e4 Ng4 13. h3 Nge5 14. Nbd2 Qc7 15. Re1
Ng6 16. Qb3 Rad8 17. Qc3 Nde5 18. Kh1 f6 19. Rac1 Nxf3 20. Nxf3 Kh8 21. Rcd1 Ne5
22. d4 cxd4 23. Rxd4 Nxf3 24. Qxf3 Qe7 25. Qe2 Bc5 26. Rxd8 Rxd8 27. a4 e5 28.
Bc3 Bb4 29. Qb2 Bxc3 30. Qxc3 Rd4 31. f3 g6 32. Rc1 Kg7 33. a5 Bc8 34. axb6 axb6
35. Bd5 Be6 36. Qc7 Kf7 37. Qxe7+ Kxe7 38. Bxe6 Kxe6 39. Rc6+ Rd6 40. Rc8 f5 41.
Re8+ Kf6 42. Rf8+ Ke6 43. Rh8 h5 44. exf5+ Kxf5 45. g4+ hxg4 46. hxg4+ Kg5 47.
Rb8 Re6 48. Kg2 Kf4 49. Kf2 e4 50. Rf8+ Kg5 51. Rb8 Rf6 52. Ke3 exf3 53. Kf2
Kxg4 54. Rc8 g5 55. Rc4+ Kh3 56. Rc8 Kg4 57. Rc4+ Kh5 58. Rc8 g4 59. Rh8+ Rh6
60. Rg8 Kh4 61. Rg7 Kh5 62. Kg3 Rg6 63. Rf7 Kg5 64. Rf4 Kh6 65. Rf5 Kg7 66. Rf4
Rg5 67. Rb4 Kg6 68. Rf4 Kh5 69. Rb4 Rg6 70. Rf4 Rg5 71. Rb4 Kh6 72. Rb1 Kg6 73.
Rb4 Kf5 74. Rf4+ Ke5 75. Rb4 Kd5 76. Rb2 Ke4 77. Kh4 Rg6 78. Kg3 Ke3 79. Rb3+
Kd2 80. Rb2+ Kc3 81. Rb1 Kc4 82. Rb2 Rg5 83. Kf4 Rxb5 84. Rc2+ Kd3 85. Ra2 Rb4+
86. Kg3 b5 87. Ra3+ Kc2 88. Ra2+ Kb1 89. Ra8 Rc4 90. Rb8 b4 91. Rb5 Kc2 92. Re5
b3 93. Re1 b2 94. Rf1 b1=Q 95. Rxb1 Kxb1 {White resigns} 0-1

[Event "Team 45 45 League T66"]
[Site "Internet Chess Club"]
[Date "2015.09.03"]
[Round "1"]
[White "CaoCao"]
[Black "ChessHouston"]
[Result "0-1"]
[WhiteElo "1933"]
[BlackElo "1916"]
[Opening "Pirc: classical, h3 system"]
[ECO "B08"]
[Time "20:09:49"]
[TimeControl "2700+45"]

1. e4 d6 2. d4 Nf6 3. Nc3 g6 4. Nf3 Bg7 5. h3 O-O 6. Be3 Nc6 7. Qd2 e5 8. O-O-O
exd4 9. Nxd4 Re8 10. f3 Bd7 11. Nxc6 bxc6 12. Bc4 Qb8 13. g4 a5 14. a4 Qb4 15.
Bb3 Rab8 16. Na2 Qb7 17. Bd4 c5 18. Bc3 Bc6 19. g5 Nh5 20. Bd5 Bxc3 21. Qxc3
Bxd5 22. Rxd5 Nf4 23. Rd2 Qc6 24. b3 Qa6 25. Qe3 c4 26. Nc3 Nd3+ 27. Rxd3 cxd3
28. Nd5 Re5 29. Nf6+ Kg7 30. Nd7 Qc6 {White resigns} 0-1

[Event "Team 45 45 League T66"]
[Site "Internet Chess Club"]
[Date "2015.09.05"]
[Round "1"]
[White "IshanR"]
[Black "achessman"]
[Result "1-0"]
[WhiteElo "1888"]
[BlackElo "1948"]
[Opening "Caro-Kann: classical, Spassky variation"]
[ECO "B19"]
[Time "06:44:10"]
[TimeControl "2700+45"]

1. e4 c6 2. d4 d5 3. Nd2 dxe4 4. Nxe4 Bf5 5. Ng3 Bg6 6. h4 h6 7. Nf3 Nd7 8. h5
Bh7 9. Bd3 Bxd3 10. Qxd3 e6 11. Bd2 Qc7 12. O-O-O O-O-O 13. Ne4 Ngf6 14. g3 Nxe4
15. Qxe4 Nf6 16. Qe2 Rd5 17. c4 Rxh5 18. Bf4 Qe7 19. Rhe1 Ra5 20. Kb1 Ra6 21.
Qe5 Rb6 22. Qb8+ Kd7 23. Ne5# {Black checkmated} 1-0

[Event "Team 45 45 League T66"]
[Site "Internet Chess Club"]
[Date "2015.09.06"]
[Round "1"]
[White "LiangLiang"]
[Black "Frankly"]
[Result "1-0"]
[WhiteElo "1956"]
[BlackElo "1732"]
[Opening "Sicilian: dragon, Yugoslav attack, 9...Bd7"]
[ECO "B77"]
[Time "11:00:25"]
[TimeControl "2700+45"]

1. e4 c5 2. Nf3 d6 3. d4 cxd4 4. Nxd4 Nf6 5. Nc3 g6 6. Be3 Bg7 7. f3 Nc6 8. Qd2
O-O 9. Bc4 Bd7 10. Bb3 Rc8 11. g4 Qa5 12. O-O-O Ne5 13. Kb1 Rfe8 14. h4 Nc4 15.
Bxc4 Rxc4 16. Nb3 Qa6 17. h5 Bxg4 18. fxg4 Nxg4 19. hxg6 fxg6 20. Rdg1 h5 21.
Rxg4 hxg4 22. Qh2 Kf7 23. Qh7 Rxc3 24. Bh6 Rg8 25. bxc3 Qe2 26. Nd4 Qg2 27. Bxg7
Rxg7 28. Qh4 e5 29. Nb5 Ke6 30. Rd1 Rd7 31. Qh8 Ke7 32. Qg7+ Kd8 33. Qf8# {Black
checkmated} 1-0

[Event "Team 45 45 League T66"]
[Site "Internet Chess Club"]
[Date "2015.09.03"]
[Round "1"]
[White "fhunfi"]
[Black "NicoloPags"]
[Result "0-1"]
[WhiteElo "1826"]
[BlackElo "2099"]
[Opening "Old Indian: main line"]
[ECO "A55"]
[Time "11:00:33"]
[TimeControl "2700+45"]

1. d4 d6 2. Nf3 Nf6 3. c4 Nbd7 4. Nc3 e5 5. e4 Be7 6. Be2 c6 7. O-O O-O 8. Qc2
Re8 9. d5 a5 10. Ne1 Nc5 11. Be3 Bd7 12. Bxc5 dxc5 13. Nd3 Bd6 14. Rfd1 cxd5 15.
cxd5 c4 16. Ne1 Rc8 17. a4 Qb6 18. h3 Bc5 19. Bf1 Nh5 20. Bxc4 Bxf2+ 21. Qxf2
Qxf2+ 22. Kxf2 Rxc4 23. Nd3 f5 24. Ke3 fxe4 25. Nxe4 Nf4 26. Nd6 Nxd5+ 27. Kd2
Rd4 28. Nxe8 Bxe8 29. Ke2 Bxa4 30. Rxa4 Rxa4 31. Nc5 Nf4+ 32. Kf3 Rb4 33. Rd8+
Kf7 34. Rd7+ Kf6 35. Rxb7 h5 36. b3 Ne6 37. Rxb4 axb4 38. Nd3 Nd4+ 39. Ke4 Nxb3
40. Nxb4 Nd2+ 41. Kd3 Nf1 42. Nd5+ Ke6 43. Nc3 Ng3 44. Ke3 Kf5 45. Nd5 h4 46.
Kf3 e4+ 47. Kf2 Ke5 48. Ne3 Kd4 49. Ng4 Nf5 50. Ke2 Nd6 51. Ne3 Ke5 52. Kf2 Nf5
53. Ng4+ Kf4 54. Ke2 Kg3 55. Nf2 e3 56. Nd3 Kxg2 57. Nf4+ Kg3 58. Ne6 Kxh3 59.
Nf4+ Kg3 60. Nh5+ Kg4 {White resigns} 0-1

[Event "Team 45 45 League T66"]
[Site "Internet Chess Club"]
[Date "2015.09.07"]
[Round "1"]
[White "willhelm"]
[Black "kidcobra"]
[Result "1-0"]
[WhiteElo "1891"]
[BlackElo "1779"]
[Opening "Queen's Indian: Petrosian system"]
[ECO "E12"]
[Time "19:04:59"]
[TimeControl "2700+45"]

1. d4 Nf6 2. Nf3 e6 3. c4 b6 4. a3 Bb7 5. Nc3 Be7 6. Qc2 d5 7. cxd5 Nxd5 8. e4
Nxc3 9. bxc3 Nd7 10. Bd3 c5 11. O-O Rc8 12. Qe2 O-O 13. Bf4 Nf6 14. Rfb1 Bd6 15.
Bxd6 Qxd6 16. e5 Qc6 17. exf6 gxf6 18. Ba6 Kh8 19. Bxb7 Qxb7 20. Qe3 cxd4 21.
cxd4 Rg8 22. Rc1 Rcd8 23. Qf4 f5 24. Qe5+ Rg7 25. Rc7 Qe4 26. Re1 Qg4 27. Qg3
Qh5 28. Qh4 Qxh4 29. Nxh4 Rxd4 30. Nf3 Ra4 31. Re3 f6 32. Rc8+ Rg8 33. Rxg8+
Kxg8 34. Kf1 Kf7 35. Ke2 e5 36. Kd2 Ke6 37. Kc2 f4 38. Rc3 e4 39. Nd2 Kd5 40.
Kb2 Rd4 41. Nb3 Rd1 42. Rc2 Rh1 43. g3 Rxh2 44. gxf4 h5 45. Kc3 Rh3+ 46. Kb2 Rh2
47. Rd2+ Kc6 48. Nd4+ Kc5 49. Nf5 h4 50. Kc2 Rh1 51. Re2 Rh3 52. a4 Rf3 53. Nxh4
Rxf4 54. Ng2 Rf3 55. Ne1 Rf4 56. Kc3 Kd5 57. Nc2 Kc5 58. Kd2 e3+ 59. fxe3 Rxa4
60. Rf2 Rh4 61. Rxf6 Kc4 62. Rf7 Rh2+ 63. Kc1 a5 64. Kb2 b5 65. Rf4+ Kc5 66. Kc3
b4+ 67. Kd3 Rh3 68. Rf5+ Kc6 69. Rxa5 Kb6 70. Ra4 b3 71. Rb4+ Ka5 72. Rxb3 Ka4
73. Rb8 Ka5 74. Kd4 Rh2 75. Ne1 Rh1 76. Nd3 Ka6 77. e4 Rh4 78. Kd5 Rh3 79. Nc5+
Ka5 80. Ne6 Rd3+ 81. Nd4 Ka6 82. e5 Rh3 83. e6 Rh5+ 84. Kd6 Rh4 85. Nf5 Rh5 86.
Ne3 Rh3 87. Nd5 Ka7 88. Rb1 Rh6 89. Kd7 Rh5 90. Nf6 Rh6 91. Ne4 Rh4 92. Nd6 Rh7+
93. e7 Rg7 94. Kd8 Ka8 95. e8=Q Rd7+ 96. Kxd7+ Ka7 97. Qb8+ Ka6 98. Ra1# {Black
checkmated} 1-0

[Event "Team 45 45 League T66"]
[Site "Internet Chess Club"]
[Date "2015.09.06"]
[Round "1"]
[White "Timotheous"]
[Black "NAS"]
[Result "1/2-1/2"]
[WhiteElo "1715"]
[BlackElo "1780"]
[Opening "English opening"]
[ECO "A30"]
[Time "12:00:20"]
[TimeControl "2700+45"]

1. Nf3 Nf6 2. c4 c5 3. b3 d6 4. g3 e6 5. Bg2 Be7 6. O-O Nc6 7. Bb2 O-O 8. e3 d5
9. Qe2 d4 10. exd4 cxd4 11. d3 Bc5 12. Na3 Re8 13. Ne5 Nxe5 14. Qxe5 Nd7 15. Qe2
e5 16. Nc2 Nf6 17. b4 Bb6 18. c5 Bc7 19. Rad1 Rb8 20. Bc1 Bg4 21. f3 Be6 22. Bg5
h6 23. Bxf6 Qxf6 24. a3 Qe7 25. Rde1 Qd7 26. Na1 Bh3 27. Bxh3 Qxh3 28. Qa2 Qd7
29. Nb3 a5 30. Nd2 Re6 31. Nc4 axb4 32. axb4 Qb5 33. Qb3 b6 34. cxb6 Bxb6 35.
Rc1 Bd8 36. Rfe1 Qd5 37. Kg2 Be7 38. Qa4 Bg5 39. Rb1 Ra8 40. Qc2 Qb5 41. Qf2 Bf6
42. Qd2 Rea6 43. Rb2 Ra1 44. Re2 R1a4 45. h4 h5 46. Nd6 Qd7 47. Nc4 Qb5 48. Nd6
Qd7 49. Nc4 Qb5 {Game drawn by repetition} 1/2-1/2

[Event "Team 45 45 League T66"]
[Site "Internet Chess Club"]
[Date "2015.09.08"]
[Round "1"]
[White "Innes"]
[Black "RUPIS"]
[Result "0-1"]
[WhiteElo "1560"]
[BlackElo "1689"]
[Opening "French: exchange variation"]
[ECO "C01"]
[Time "17:18:43"]
[TimeControl "2700+45"]

1. e4 e6 2. d4 d5 3. exd5 exd5 4. Bd3 Bd6 5. h3 Ne7 6. Qf3 Nbc6 7. c3 Be6 8. Ne2
f6 9. O-O Qd7 10. b4 O-O-O 11. a4 Rdf8 12. a5 g5 13. Ng3 h5 14. Qe2 h4 15. Nh1
Rfg8 16. f3 f5 17. Nf2 g4 18. b5 Nd8 19. f4 Ng6 20. b6 a6 21. Bxa6 cxb6 22. Bb5
Nc6 23. axb6 Bb8 24. Re1 Bf7 25. Ra8 Re8 26. Qd1 Rxe1+ 27. Qxe1 Re8 28. Qd1 Qd6
29. Nd3 gxh3 30. Ne5 Ngxe5 31. fxe5 Qg6 32. Qf3 hxg2 33. Bf4 Be6 34. c4 Nxd4 35.
Qe3 Nxb5 36. cxb5 Kd7 37. Qa3 Bf7 38. Qc5 Bd6 39. Qc3 Rxa8 40. exd6 Rc8 41. Qe3
Qe6 42. Be5 Re8 43. Qc5 Qxe5 44. Qc7+ Ke6 45. d7 Qe1+ 46. Kxg2 Rg8+ 47. Kf3 Rg3+
{White resigns} 0-1

[Event "Team 45 45 League T66"]
[Site "Internet Chess Club"]
[Date "2015.09.05"]
[Round "1"]
[White "MikeTtheGuru"]
[Black "bobhill"]
[Result "1-0"]
[WhiteElo "2011"]
[BlackElo "1973"]
[Opening "English: symmetrical variation"]
[ECO "A38"]
[Time "09:01:45"]
[TimeControl "2700+45"]

1. c4 c5 2. Nc3 Nc6 3. g3 Nf6 4. Bg2 g6 5. Nf3 Bg7 6. d4 cxd4 7. Nxd4 O-O 8. O-O
a6 9. Nc2 d6 10. Rb1 Ng4 11. Nd5 Nce5 12. b3 e6 13. Nde3 Nf6 14. Ba3 Ne8 15. Qd2
Bf6 16. Rfd1 Be7 17. Nd4 Qc7 18. Bb4 Rb8 19. Rbc1 Nc6 20. Nd5 exd5 21. cxd5 h5
22. dxc6 b6 23. Qd3 Bg5 24. f4 Be7 25. f5 Bg5 26. Rc2 Qe7 27. e4 Nc7 28. Nf3 Nb5
29. a4 a5 30. Bxd6 Nxd6 31. Qxd6 Qxe4 32. c7 Be3+ 33. Kh1 Rb7 34. Nd4 Qg4 35.
Bf3 Qg5 36. fxg6 Qxg6 37. Qxg6+ fxg6 38. Bd5+ Kh7 39. Kg2 b5 40. Nxb5 Rb6 41.
Bf3 Bf5 42. Rd8 Rbf6 43. c8=Q Bxc8 44. Rcxc8 Rxd8 45. Rxd8 g5 46. Re8 Bb6 47.
Bxh5 Rf2+ 48. Kh3 Rb2 49. Bd1 Bg1 50. Re2 Rb1 51. Bc2+ {Black resigns} 1-0

[Event "Team 45 45 League T66"]
[Site "Internet Chess Club"]
[Date "2015.09.07"]
[Round "1"]
[White "diegoami"]
[Black "elmaestro"]
[Result "1-0"]
[WhiteElo "1793"]
[BlackElo "1768"]
[Opening "Sicilian: Najdorf"]
[ECO "B90"]
[Time "13:00:57"]
[TimeControl "2700+45"]

1. e4 c5 2. Nf3 d6 3. d4 cxd4 4. Nxd4 Nf6 5. Nc3 a6 6. f3 g6 7. Be3 Bg7 8. Qd2
O-O 9. O-O-O b5 10. Nd5 Nxd5 11. exd5 Qc7 12. Kb1 Nd7 13. g4 Ne5 14. Qf2 Bd7 15.
h4 Nc4 16. Bxc4 bxc4 17. h5 e5 18. Ne2 Rab8 19. hxg6 fxg6 20. Qh2 Rxf3 21. Qxh7+
Kf7 22. Rdf1 Bxg4 23. Rxf3+ Bxf3 24. Rf1 e4 25. Bd4 Rg8 26. Nf4 Qb7 27. Qxg6+
Ke7 28. Bxg7 Kd8 29. Bf6+ {Black resigns} 1-0

[Event "Team 45 45 League T66"]
[Site "Internet Chess Club"]
[Date "2015.09.02"]
[Round "1"]
[White "CaptK"]
[Black "wildkingdumb4"]
[Result "1/2-1/2"]
[WhiteElo "1918"]
[BlackElo "1793"]
[Opening "King's Indian: London system"]
[ECO "A48"]
[Time "21:00:18"]
[TimeControl "2700+45"]

1. d4 Nf6 2. Nf3 g6 3. Bf4 d5 4. e3 Bg7 5. Be2 O-O 6. O-O Nc6 7. c4 Na5 8. cxd5
Nxd5 9. Be5 Bh6 10. e4 Nf4 11. Nc3 Bg4 12. h3 Nxe2+ 13. Nxe2 Bxf3 14. gxf3 Nc4
15. Re1 Nxe5 16. dxe5 Qxd1 17. Rexd1 Rfd8 18. f4 e6 19. Rac1 c6 20. h4 Kf8 21.
Kg2 Ke8 22. Kg3 Bf8 23. Nd4 Bg7 24. Rd3 Rd7 25. Rcd1 Rad8 26. R3d2 Bf8 27. Nf3
Rxd2 28. Rxd2 Rxd2 29. Nxd2 b5 30. Nb3 c5 31. a3 Kd7 32. h5 Kc6 33. hxg6 hxg6
34. f5 gxf5 35. exf5 exf5 36. Kf4 c4 37. Nd4+ Kc5 38. Nxf5 b4 39. axb4+ Kxb4 40.
Ke4 a5 41. Ne3 Bc5 42. f4 Bxe3 43. Kxe3 Kb3 44. Kd4 Kxb2 45. Kxc4 a4 46. f5 a3
47. e6 fxe6 48. fxe6 a2 49. e7 a1=Q 50. e8=Q {Game drawn by mutual agreement}
1/2-1/2

[Event "Team 45 45 League T66"]
[Site "Internet Chess Club"]
[Date "2015.09.08"]
[Round "1"]
[White "Gojira"]
[Black "Schachteufel"]
[Result "0-1"]
[WhiteElo "1661"]
[BlackElo "1703"]
[Opening "Queen's pawn: London system"]
[ECO "A45"]
[Time "17:00:34"]
[TimeControl "2700+45"]

1. d4 Nf6 2. Bf4 g6 3. e3 Bg7 4. Be2 O-O 5. h3 d6 6. Nf3 Nbd7 7. c3 Qe8 8. Bh2
e5 9. dxe5 dxe5 10. O-O Ne4 11. Qd5 Ndc5 12. Bxe5 Be6 13. Qd1 Bxe5 14. Nxe5 Rd8
15. Qc2 Bxh3 16. Nxg6 Bxg2 17. Nxf8 Bxf1 18. Bxf1 Qxf8 19. f3 Qg7+ 20. Bg2 Ng5
21. b4 Nd3 22. Nd2 Nxb4 23. Qb2 Rxd2 {White resigns} 0-1